 Dungeon Crawl Stone Soup version 0.16-a0-1183-g5b05a17 (webtiles) character file.

53 Kashira the Chopper (level 3, 0/18 HPs)
             Began as a Vine Stalker Skald on Oct 10, 2014.
             Succumbed to a worker ant's poison
             ... on level 4 of the Dungeon.
             The game lasted 00:05:10 (785 turns).

Kashira the Chopper (Vine Stalker Skald)             Turns: 785, Time: 00:05:11

Health: 0/18       AC:  4    Str: 15    XL:     3   Next: 89%
Magic:  0/7        EV: 10    Int: 12    God:
Gold:   51         SH:  0    Dex: 13    Spells: 2 memorised, 3 levels left

rFire  . . .     SeeInvis .     a - +0 hand axe
rCold  . . .     Clarity  .     b - +1 leather armour
rNeg   . . .     SustAb   .     (no shield)
rPois  .         Gourm    .     (no helmet)
rElec  .         Spirit   +     (no cloak)
rCorr  .         Warding  .     (no gloves)
rMut   .         Stasis   .     (no boots)
MR     .....                    (no amulet)
Stlth  +.........               (no ring)
                                (no ring)

@: lethally poisoned, not resistant to hostile enchantments, very unstealthy
A: fangs 2, regeneration 1, magic shield, antimagic bite, no device heal 3, rot
immunity
a: no special abilities


You were on level 4 of the Dungeon.
You were not hungry.

You visited 1 branch of the dungeon, and saw 4 of its levels.

You collected 51 gold pieces.

Inventory:

Hand weapons
 a - a +0 hand axe (weapon)
Missiles
 f - 6 tomahawks (quivered)
Armour
 b - a +1 leather armour (worn)
Comestibles
 d - 3 bread rations
 n - 3 meat rations
Scrolls
 e - a scroll of random uselessness
Potions
 h - a potion of curing {unknown}
 k - a potion of berserk rage {unknown}
Books
 c - a book of Battle

   Spells                             Type                      Level
   *Infusion                          Charms                       1
   Shroud of Golubria                 Charms/Translocation         2
   *Song of Slaying                   Charms                       2
   Spectral Weapon                    Hexes/Charms                 3
   Regeneration                       Charms/Necromancy            3


   Skills:
 - Level 2.1 Fighting
 * Level 3.3 Axes
 - Level 0.7 Armour
 - Level 0.7 Dodging
 - Level 2.3 Spellcasting
 - Level 3.1 Charms


You had 3 spell levels left.
You knew the following spells:

 Your Spells              Type           Power        Failure   Level  Hunger
a - Infusion              Chrm           #.....       10%         1    ##.....
b - Song of Slaying       Chrm           #.......     12%         2    ###....


Dungeon Overview and Level Annotations

Branches:
Dungeon (4/15)
 Temple: D:4-7

Altars:


Innate Abilities, Weirdness & Mutations

You have extremely sharp teeth.
Your natural rate of healing is unusually fast.
When hurt, damage is shared between your health and your magic reserves.
Your bite disrupts and absorbs the magic of your enemies.
Potions and wands cannot restore your health.
You are immune to rotting.


Message History

You bite the worker ant, but do no damage.
The worker ant is severely wounded.
* * * LOW HITPOINT WARNING * * *
You feel sick. The worker ant closely misses you.
You hit the worker ant.
The worker ant is almost dead.
* * * LOW HITPOINT WARNING * * *
You feel sick. The worker ant barely misses you.
Unknown command.
You hit the worker ant. Your bite misses the worker ant.
The worker ant is almost dead.
The worker ant barely misses you. x2
You hit the worker ant but do no damage.
Your bite misses the worker ant.
The worker ant is almost dead.
* * * LOW HITPOINT WARNING * * *
You feel sick. The worker ant bites you.
You closely miss the worker ant.
The worker ant is almost dead.
You die...

,,,,,#.#### ***,,****,*
,,,,,...* *###,,,** *,,*
,,,,#...######*
*..,,******,**
,,,,#.#.......#**.#*****,,,,*
,***#.,..a.....##.#*,,,,,,,**
*,**#.*.....h.....##,,,,,,,*
,,,,..*###.****#hh.#,,,,,,,*
,,,**#***,,* #a#.......,,*
*,** **,,** ##@#*.....,,,*
*,* *,,** #..#**..h.,,,* *,*
**,** #.## *,...,,,*
*,****,,* ****#.# *,,.,,,,*
,,**,,,** *,,,#.# *,,,,,,,*
*,*,,*** *,>,#.# *********
*,*,*******,,,###
*,,,,,,,,>*,*,*
*,*,**,,,,*,,,*


You could see a worker ant and 2 jackals.

Vanquished Creatures
  A hound (D:4)
  A giant gecko (D:1)
  An orc (D:3)
  2 bats (D:2)
  2 giant cockroaches (D:3)
  2 goblins
  2 hobgoblins
  6 jackals
  A kobold (D:3)
  A quokka (D:3)
  A ball python (D:3)
  A giant newt (D:1)
21 creatures vanquished.

Notes
Turn   | Place    | Note
--------------------------------------------------------------
     0 | D:1      | Kashira, the Vine Stalker Skald, began the quest for the Orb.
     0 | D:1      | Reached XP level 1. HP: 11/11 MP: 3/3
   278 | D:2      | Reached XP level 2. HP: 2/15 MP: 1/5
   318 | D:2      | Learned a level 2 spell: Song of Slaying
   762 | D:4      | Reached XP level 3. HP: 8/18 MP: 4/7
   785 | D:4      | Succumbed to a worker ant's poison

Action                   || total
-------------------------++-------
Melee: Hand axe          ||   102
 Cast: Infusion          ||     2
  Use: Scroll            ||     6
